 Dungeon Crawl Stone Soup version 0.22-a0-355-g201945f (webtiles) character file.

27717 JeffiDaFish the Arsonist (level 13, -4/91 HPs)
             Began as a Pale Draconian Fire Elementalist on Apr 17, 2018.
             Was a High Priest of Sif Muna.
             Slain by an eight-headed hydra (12 damage)
             ... on level 4 of the Lair of Beasts.
             The game lasted 01:01:32 (20395 turns).

JeffiDaFish the Arsonist (DrFE)                    Turns: 20395, Time: 01:01:33

Health: -4/91      AC: 16    Str: 14    XL:     13   Next: 5%
Magic:  8/28       EV: 12    Int: 20    God:    Sif Muna [*****.]
Gold:   922        SH:  0    Dex: 13    Spells: 15/34 levels left

rFire    . . .     SeeInvis .   l - +6 long sword "Ekos" {freeze, rElec}
rCold    . . .     Gourm    .   (no shield)
rNeg     . . .     Faith    .   (armour unavailable)
rPois    .         Spirit   .   (helmet restricted)
rElec    +         Reflect  .   f - +2 cloak
rCorr    .         Harm     .   k - +1 pair of gloves
MR       +....     Clarity  +   q - +2 pair of boots
Stlth    ++........             n - amulet of the acrobat
HPRegen  0.25/turn              x - ring of protection from magic
MPRegen  0.21/turn              v - +2 ring of dexterity

@: short of breath, divine energy
A: breathe steam, unfitting armour, clarity, strong 1, cold-blooded, AC +8
a: Breathe Steam, Stop Divine Energy, Channel Magic, Forget Spell, Renounce
Religion


You were on level 4 of the Lair of Beasts.
You worshipped Sif Muna.
Sif Muna was extremely pleased with you.
You were hungry.

You visited 2 branches of the dungeon, and saw 16 of its levels.
You also visited: Sewer.

You collected 922 gold pieces.

Inventory:

Hand Weapons
 j - a +2 dagger of draining
 l - the +6 long sword "Ekos" (weapon) {freeze, rElec}
   (You found it on level 6 of the Dungeon)

   It has been specially enchanted to freeze those struck by it, causing extra
   injury to most foes and up to half again as much damage against particularly
   susceptible opponents.
   It can also slow down cold-blooded creatures.
   It insulates you from electricity.
Armour
 f - a +2 cloak (worn)
 k - a +1 pair of gloves (worn)
 m - a scarf of resistance
 q - a +2 pair of boots (worn)
Jewellery
 n - an amulet of the acrobat (around neck)
 v - a +2 ring of dexterity (right hand)
 x - a ring of protection from magic (left hand)
Wands
 i - a wand of acid (5)
 r - a wand of paralysis (9)
Scrolls
 a - 6 scrolls of teleportation
 d - 8 scrolls of identify
 g - 12 scrolls of remove curse
 o - a scroll of amnesia
 w - a scroll of enchant weapon
 z - 2 scrolls of fog
Potions
 c - 4 potions of curing
 e - 2 potions of cancellation
 s - 3 potions of agility
 t - a potion of magic
 u - 4 potions of heal wounds
Comestibles
 b - 18 rations


   Skills:
 + Level 2.1 Fighting
 - Level 3.2(5.2) Short Blades
 + Level 6.4(6.8) Long Blades
 - Level 2.0 Dodging
 - Level 1.7 Stealth
 * Level 11.2 Spellcasting
 * Level 12.0 Conjurations
 * Level 12.6 Fire Magic
 - Level 4.4 Air Magic


You had 15 spell levels left.
You knew the following spells:

 Your Spells              Type           Power        Failure   Level  Hunger
a - Flame Tongue          Conj/Fire      #####        1%          1    None
b - Conjure Flame         Conj/Fire      ######..     1%          3    None
c - Sticky Flame          Conj/Fire      ######..     1%          4    ##.....
d - Fireball              Conj/Fire      ######....   1%          5    ####...
e - Static Discharge      Conj/Air       #####...     1%          3    None
f - Mephitic Cloud        Conj/Pois/Air  ####....     1%          3    None


Dungeon Overview and Level Annotations

Branches:
Dungeon (12/15)            Temple (0/1) D:6            Lair (4/6) D:11
  Swamp (0/4) Lair:4       Spider (0/4) Lair:2          Orc (0/2) D:9

Altars:
Ashenzari
Cheibriados
Dithmenos
Elyvilon
Fedhas
Kikubaaqudgha
Makhleb
Okawaru
Ru
Sif Muna
Trog
Yredelemnul
The Shining One

Shops:
D:11 [

Annotations:
D:7 lukano's ghost, novice GrFi


Innate Abilities, Weirdness & Mutations

You can breathe blasts of scalding, opaque steam.
Your pale cyan-grey scales are hard. (AC +8)
You cannot fit into any form of body armour.
You are cold-blooded and may be slowed by cold attacks.
You possess an exceptional clarity of mind.
Your muscles are strong. (Str +2)


Message History

The eight-headed hydra bites you!
The eight-headed hydra barely misses you.
The eight-headed hydra bites you!
The eight-headed hydra bites you but does no damage.
Okay, then.
Press: ? - help, Shift-Dir - straight line, f/p - eight-headed hydra
Aim: an eight-headed hydra (lightly wounded, covered in liquid flames)
You exhale a blast of scalding steam.
The ball of steam hits the eight-headed hydra.
The eight-headed hydra is moderately wounded.
You feel slightly more hungry.
The eight-headed hydra burns!
The eight-headed hydra is engulfed in a cloud of scalding steam.
The eight-headed hydra bites you! x2
* * * LOW HITPOINT WARNING * * *
The eight-headed hydra bites you but does no damage. x3
The eight-headed hydra bites you!
* * * LOW HITPOINT WARNING * * *
The eight-headed hydra bites you but does no damage.
The eight-headed hydra bites you!
You die...

.≈♣.....'..........##.#..........
.÷÷..####........# ##....####P.+
###.## ##+.....## ###### #... ###
#......# #... #P##...## ##..# ##
###..# #..## .#######+.###
########.+..
P.......D...###.#.........
.........@.###...'........
.+...†.....#...###........
#..........'.#.##.........
...........#####.}........
#....P###### ###........ #.#.##
##.###### # #. ###


You could see an eight-headed hydra (burning).

Vanquished Creatures
  The ghost of djmy96 the Carver, a journeyman MiMo of Okawaru (Lair:1)
  Harold (Lair:4)
  3 hydras
  3 two-headed ogres
  Pikel (D:7)
  An oklob plant (Lair:1)
  A cyclops (D:11)
  A torpor snail (Lair:4)
  A gargoyle (D:10)
  6 spiny frogs
  2 komodo dragons
  A troll (D:10)
  A polar bear (Lair:3)
  Prince Ribbit (D:7)
  16 blink frogs
  Sigmund (D:6)
  A spriggan (D:10)
  2 fire bats (Lair:3)
  23 yaks
  3 wyverns
  2 steam dragons
  2 basilisks
  2 hungry ghosts
  Edmund (D:6)
  3 wargs (D:11)
  9 water moccasins
  7 orc warriors
  11 porcupines
  3 sky beasts
  An ice beast (D:8)
  2 black bears
  A necrophage (D:7)
  2 slaves (D:7)
  An eye of draining (D:8)
  6 ogres
  7 wolves
  4 crocodiles
  6 centaurs
  Blork the orc (D:4)
  2 big kobolds
  10 bullfrogs
  4 scorpions
  5 killer bees (D:10)
  9 wights (D:10)
  3 electric eels
  3 howler monkeys (D:10)
  A lava snake (Lair:3)
  3 crimson imps
  2 quasits
  2 centaur skeletons
  6 hounds
  4 jellies (Lair:1)
  A gnoll shaman (D:7)
  6 orc priests
  3 iguanas
  16 orc wizards
  8 worker ants
  A hound skeleton (D:8)
  10 gnolls
  13 adders
  16 oozes
  An adder zombie (D:8)
  An adder skeleton (D:9)
  4 worms
  3 dart slugs
  5 leopard geckos
  36 orcs
  7 bats
  9 giant cockroaches
  18 goblins
  10 hobgoblins
  13 jackals
  22 kobolds
  3 quokkas
  6 ball pythons
  10 frilled lizards
  A giant cockroach zombie (D:6)
  6 rats
  A butterfly (D:6)
425 creatures vanquished.

Vanquished Creatures (others)
  A slave (D:7)
  A hound zombie (D:7)
  3 orcs (D:7)
  A bush (Lair:4)
  9 fungi
  8 plants
23 creatures vanquished.

Grand Total: 448 creatures vanquished

Notes
Turn   | Place    | Note
-------+----------+-------------------------------------------
     0 | D:1      | JeffiDaFish the Draconian Fire Elementalist began the quest for the Orb.
     0 | D:1      | Reached XP level 1. HP: 14/14 MP: 3/3
   513 | D:1      | Reached XP level 2. HP: 20/20 MP: 3/5
  1503 | D:2      | Reached XP level 3. HP: 26/26 MP: 2/6
  1645 | D:2      | Learned a level 3 spell: Conjure Flame
  2676 | D:3      | Reached XP level 4. HP: 33/33 MP: 8/8
  3229 | D:3      | Reached XP level 5. HP: 38/38 MP: 6/9
  3403 | D:3      | Found a white marble altar of Elyvilon.
  3410 | D:3      | Found an ancient bone altar of Kikubaaqudgha.
  3526 | D:4      | Found a glowing drain.
  3575 | Sewer    | Entered a sewer
  4058 | Sewer    | Reached XP level 6. HP: 41/45 MP: 6/12
  4439 | D:4      | Noticed Blork the orc
  4452 | D:4      | Killed Blork the orc
  4633 | D:4      | Learned a level 4 spell: Sticky Flame
  4698 | D:4      | Your scales start taking on a pale cyan-grey colour.
  4698 | D:4      | Reached XP level 7. HP: 36/50 MP: 7/13
  5346 | D:5      | Entered Level 5 of the Dungeon
  5366 | D:5      | Reached skill level 5 in Fire Magic
  5398 | D:5      | Found a deep blue altar of Sif Muna.
  5456 | D:5      | Reached skill level 5 in Spellcasting
  5456 | D:5      | Reached skill level 5 in Conjurations
  5622 | D:5      | Became a worshipper of Sif Muna the Loreminder
  5965 | D:5      | Reached XP level 8. HP: 57/57 MP: 8/16
  5972 | D:5      | Gained mutation: You possess an exceptional clarity of mind. [potion of mutation]
  5972 | D:5      | Gained mutation: Your muscles are strong. (Str +2) [potion of mutation]
  6114 | D:5      | Found an iron altar of Okawaru.
  6276 | D:6      | Identified the +6 long sword "Ekos" {freeze, rElec} (You found it on level 6 of the Dungeon)
  6343 | D:6      | Noticed Sigmund
  6352 | D:6      | Killed Sigmund
  6352 | D:6      | Reached * piety under Sif Muna
  6352 | D:6      | Reached skill level 1 in Short Blades
  6757 | D:6      | Found a staircase to the Ecumenical Temple.
  6813 | D:6      | Noticed Edmund
  6833 | D:6      | Killed Edmund
  7162 | D:6      | Found a shattered altar of Ashenzari.
  7166 | D:6      | Saw a vision of the Swamp and the Spider Nest.
  7166 | D:6      | Noticed an alligator
  7166 | D:6      | Noticed an alligator
  7167 | D:6      | Noticed a wolf spider
  7168 | D:6      | Noticed a wolf spider
  7223 | D:7      | Learned a level 5 spell: Fireball
  7331 | D:7      | Noticed Prince Ribbit
  7335 | D:7      | Killed Prince Ribbit
  7335 | D:7      | Reached ** piety under Sif Muna
  7335 | D:7      | Reached XP level 9. HP: 62/62 MP: 7/19
  7566 | D:7      | Noticed lukano's ghost (novice GrFi)
  8098 | D:7      | Noticed Pikel
  8121 | D:7      | Killed Pikel
  8409 | D:7      | Found a sacrificial altar of Ru.
  8413 | D:7      | Found a basalt altar of Yredelemnul.
  8413 | D:7      | Found a shadowy altar of Dithmenos.
  8422 | D:7      | Found a shattered altar of Ashenzari.
  8425 | D:7      | Found an iron altar of Okawaru.
  8601 | D:8      | Reached skill level 1 in Long Blades
  9188 | D:8      | Found a glowing golden altar of the Shining One.
  9188 | D:8      | Found a snail-covered altar of Cheibriados.
  9189 | D:8      | Found a bloodstained altar of Trog.
  9310 | D:8      | Reached XP level 10. HP: 69/69 MP: 10/21
  9548 | D:8      | Reached *** piety under Sif Muna
  9804 | D:8      | Identified the +6 mace "Kamilu" {holy, Stlth+} (You found it on level 8 of the Dungeon)
 11065 | D:9      | Found a burning altar of Makhleb.
 11189 | D:9      | Found a staircase to the Orcish Mines.
 11480 | D:10     | Entered Level 10 of the Dungeon
 11480 | D:10     | Noticed a two-headed ogre
 11483 | D:10     | Killed a two-headed ogre
 11612 | D:10     | Reached **** piety under Sif Muna
 11906 | D:10     | Found a blossoming altar of Fedhas.
 12232 | D:10     | Noticed a two-headed ogre
 12428 | D:10     | Killed a two-headed ogre
 12428 | D:10     | Reached skill level 10 in Fire Magic
 12428 | D:10     | Reached XP level 11. HP: 74/74 MP: 3/24
 13052 | D:11     | Reached skill level 10 in Conjurations
 13064 | D:11     | Reached ***** piety under Sif Muna
 13064 | D:11     | Identified Sif Muna's Reference Book on Flight and Flames (Sif Muna gifted it to you on level 11 of the Dungeon)
 13064 | D:11     | Received a gift from Sif Muna
 13189 | D:10     | Learned a level 3 spell: Static Discharge
 13207 | D:11     | Found a staircase to the Lair.
 13546 | D:11     | Noticed a two-headed ogre
 13552 | D:11     | Killed a two-headed ogre
 13552 | D:11     | Reached skill level 1 in Air Magic
 13554 | D:11     | Noticed a six-headed hydra
 13919 | D:10     | Killed a six-headed hydra
 14999 | D:11     | Found Jioch's Antique Armour Emporium.
 15461 | Lair:1   | Entered Level 1 of the Lair of Beasts
 15468 | Lair:1   | Reached skill level 10 in Spellcasting
 15654 | Lair:1   | Noticed djmy96's ghost (journeyman MiMo)
 15711 | Lair:1   | Reached skill level 5 in Long Blades
 16257 | Lair:1   | Reached XP level 12. HP: 81/81 MP: 16/26
 16308 | Lair:1   | Killed djmy96's ghost
 16719 | Lair:1   | Received a gift from Sif Muna
 16819 | Lair:1   | Learned a level 3 spell: Mephitic Cloud
 17202 | Lair:2   | Found a hole to the Spider Nest.
 18352 | Lair:3   | Noticed a six-headed hydra
 18365 | Lair:3   | Killed a seven-headed hydra
 19122 | Lair:4   | Found a staircase to the Swamp.
 19154 | Lair:4   | Reached skill level 1 in Fighting
 19568 | Lair:4   | Noticed Harold
 19578 | Lair:4   | Killed Harold
 19781 | Lair:4   | Found an ancient bone altar of Kikubaaqudgha.
 20080 | Lair:4   | Reached XP level 13. HP: 27/91 MP: 0/28
 20395 | Lair:4   | Slain by an eight-headed hydra

Vault maps used:
D:1:      dpeg_arrival_arbitrary_a, st_stairs_12
D:3:      amethyst_overflow_temple_binary, minivault_24, item_on_display_a
D:4:      cheibrodos_sewer_entry_sluice, uniq_blork_the_orc
D:5:      basic_altar, first_ration, kennysheep_okawaru_gauntlet
D:6:      minmay_temple_entry_butterflies, grunt_ashenzari_visionary,
          uniq_sigmund, uniq_edmund
D:7:      minmay_overflow_temple_star_hex, uniq_pikel, uniq_prince_ribbit1
D:8:      gammafunk_temple_overflow_claw, minmay_misc_feat_more_columns
D:9:      kennysheep_mini, david_orc_4
D:10:     basic_altar, the_bakery
D:11:     erik_lair_orcish_takeover, serial_shops,
          nicolae_shop_competitors_out_of_business
Lair:1:   lemuel_slime, minivault_25, minmay_stone_trees_small
Lair:2:   spider_nest_entry_web_field, lemuel_fruit_tree, serial_bayou_shore_b,
          grunt_megastairs_4
Lair:3:   grunt_megastairs_1
Lair:4:   swamp_mist_pool, basic_altar, uniq_harold
Sewer:    sewer_frog_island_01

Skill      XL: |  1  2  3  4  5  6  7  8  9 10 11 12 13 |
---------------+----------------------------------------+-----
Dodging        | 2 |  2.0
Conjurations   | 2 3 4 5 7 8 9 10 11 12 | 12.0
Spellcasting   | 3 4 5 6 7 9 10 11 | 11.2
Fire Magic     | 4 5 7 8 10 11 12 | 12.6
Short Blades   | 2 3 |  3.2
Long Blades    | 1 3 5 6 |  6.4
Air Magic      | 3 4 |  4.4
Fighting       | 1 2 |  2.1
Stealth        | |  1.7

Action                   |  1- 3 |  4- 6 |  7- 9 | 10-12 | 13-15 || total
-------------------------+-------+-------+-------+-------+-------++-------
Melee: Dagger            |    85 |    91 |    20 |       |       ||   196
       Tailslap          |     9 |     9 |    14 |    32 |       ||    64
       Long sword        |       |    13 |   101 |   276 |     1 ||   391
 Cast: Flame Tongue      |    44 |    76 |    88 |   117 |     1 ||   326
       Conjure Flame     |     1 |     1 |     1 |     1 |       ||     4
       Sticky Flame      |       |     1 |    43 |    86 |     3 ||   133
       Fireball          |       |       |    11 |   115 |     5 ||   131
       Static Discharge  |       |       |       |     1 |       ||     1
       Mephitic Cloud    |       |       |       |    12 |       ||    12
Invok: Divine Energy     |       |       |     1 |       |       ||     1
 Abil: Breathe Steam     |       |       |     2 |     5 |     1 ||     8
Evoke: Wand              |       |       |       |     6 |       ||     6
  Use: Scroll            |     9 |     1 |     7 |     8 |     2 ||    27
       Potion            |     4 |     1 |     3 |     8 |       ||    16
 Stab: Sleeping          |     4 |       |     3 |     1 |       ||     8
       Distracted        |       |       |       |     1 |       ||     1
       Confused          |       |       |       |     3 |     1 ||     4
  Eat: Chunk             |     5 |     6 |    23 |    42 |     2 ||    78
       Ration            |       |       |     1 |     7 |       ||     8
Armor: Skin              |    24 |    67 |    87 |   146 |     6 ||   330
Dodge: Dodged            |    66 |   116 |   148 |   270 |    10 ||   610
       Rpst.: Long sword |       |     8 |    35 |    71 |       ||   114

Table legend:
 A = Spawn XP
 B = Non-spawn XP
 C = Spawn XP percentage of total XP
 D = Spawn monster count
 E = Non-spawn monster count
 F = Spawn count percentage of total count
 G = Total turns spent on level
                    A         B        C        D         E        F      G
               +---------+---------+-------+---------+---------+-------+---------
         Total |       0 |   39596 |   0.0 |       0 |     422 |   0.0 | 20395
               +---------+---------+-------+---------+---------+-------+---------
           D:1 |       0 |      37 |   0.0 |       0 |      20 |   0.0 |  1485
           D:2 |       0 |      59 |   0.0 |       0 |      17 |   0.0 |  1190
           D:3 |       0 |     119 |   0.0 |       0 |      44 |   0.0 |   851
           D:4 |       0 |     377 |   0.0 |       0 |      15 |   0.0 |  1109
           D:5 |       0 |     781 |   0.0 |       0 |      15 |   0.0 |   902
           D:6 |       0 |    1060 |   0.0 |       0 |      16 |   0.0 |  1107
           D:7 |       0 |    1905 |   0.0 |       0 |      32 |   0.0 |  1241
           D:8 |       0 |    1492 |   0.0 |       0 |      24 |   0.0 |  1613
           D:9 |       0 |    1960 |   0.0 |       0 |      35 |   0.0 |  1621
          D:10 |       0 |    6088 |   0.0 |       0 |      44 |   0.0 |  2162
          D:11 |       0 |    4590 |   0.0 |       0 |      32 |   0.0 |  1460
          D:12 |       0 |       9 |   0.0 |       0 |       3 |   0.0 |     9
        Lair:1 |       0 |    5783 |   0.0 |       0 |      42 |   0.0 |  1624
        Lair:2 |       0 |    3947 |   0.0 |       0 |      20 |   0.0 |   984
        Lair:3 |       0 |    5081 |   0.0 |       0 |      23 |   0.0 |  1039
        Lair:4 |       0 |    6088 |   0.0 |       0 |      20 |   0.0 |  1287
         Sewer |       0 |     220 |   0.0 |       0 |      20 |   0.0 |   711
               +---------+---------+-------+---------+---------+-------+---------
